 Dungeon Crawl Stone Soup version 0.26.1-2-gb8aa6d0cf2 (webtiles) character file.

Game seed: 8959928231651372678

567 Borgon the Gusty (level 6, -1/47 HPs)
             Began as a Demigod Air Elementalist on Feb 14, 2021.
             Slain by a worker ant (5 damage)
             ... on level 5 of the Dungeon.
             The game lasted 00:35:38 (6350 turns).

Borgon the Gusty (Demigod Air Elementalist)         Turns: 6350, Time: 00:35:39

Health: -1/47      AC:  4    Str: 11    XL:     6   Next: 85%
Magic:  9/14       EV: 10    Int: 23    God:
Gold:   444        SH:  7    Dex: 16    Spells: 8/11 levels left

rFire    . . .     SeeInvis +   l - +3 whip
rCold    . . .     Faith    .   y - +0 kite shield
rNeg     . . .     Spirit   .   u - +0 leather armour {Will+}
rPois    .         Reflect  .   v - +0 helmet {SInv}
rElec    .         Harm     .   (no cloak)
rCorr    .         Rampage  .   (no gloves)
Will     +....                  (no boots)
Stlth    ++........             (no amulet)
HPRegen  0.15/turn              (no ring)
MPRegen  0.14/turn              (no ring)

@: sluggish, very slow
A: high mp 1
a: no special abilities


You were on level 5 of the Dungeon.
You visited 1 branch of the dungeon, and saw 5 of its levels.

You collected 444 gold pieces.

Inventory:

Hand Weapons
 b - a +0 dagger
 c - a +0 dagger
 d - a +0 dagger
 l - a +3 whip (weapon)
Missiles
 e - 111 stones
 j - 66 sling bullets
Armour
 a - a +0 robe
 g - a +0 leather armour
 u - a +0 leather armour of willpower (worn)
 v - a +0 helmet of see invisible (worn)
 y - a +0 kite shield (worn)
 D - a scarf of shadows
 E - a +0 helmet
Jewellery
 p - a cursed ring of attention {unknown}
Wands
 x - a wand of flame (15)
 z - a wand of polymorph (10)
 C - a wand of iceblast (4)
Scrolls
 i - a scroll of identify {unknown}
 k - a scroll of fog {unknown}
 m - 2 scrolls of immolation {unknown}
 n - 2 scrolls of enchant weapon {unknown}
 q - 2 scrolls of magic mapping {unknown}
 s - 2 scrolls of amnesia {unknown}
 w - a scroll of random uselessness {unknown}
 A - a scroll of teleportation {unknown}
 B - 2 scrolls of enchant armour {unknown}
Potions
 f - 5 potions of haste {unknown}
 h - 2 potions of heal wounds {unknown}
 o - 2 potions of degeneration {unknown}
 r - 2 potions of might {unknown}
 t - a potion of mutation {unknown}


   Skills:
 * Level 1.3 Fighting
 - Level 0.2 Short Blades
 * Level 2.0 Maces & Flails
 + Level 1.1 Armour
 * Level 2.9 Dodging
 + Level 2.1 Stealth
 + Level 0.3 Shields
 * Level 3.4 Spellcasting
 * Level 2.5 Conjurations
 * Level 4.3 Air Magic


You had 8 spell levels left.
You knew the following spells:

 Your Spells              Type           Power        Failure   Level
a - Shock                 Conj/Air       76%          24%         1
b - Swiftness             Air            23%          26%         2

Your spell library contained the following spells:

 Spells                   Type           Power        Failure   Level
 Static Discharge         Conj/Air       19%          58%         3
 Airstrike                Air            11%          86%         4
 Lightning Bolt           Conj/Air       9%           100%        5


Dungeon Overview and Level Annotations

Branches:
Dungeon (5/15)
 Temple: D:4-7

Annotations:
D:5 1 runed translucent door


Innate Abilities, Weirdness & Mutations

You have an increased reservoir of magic. (+10% MP)


Message History

You miscast Shock.
Nothing appears to happen.
The worker ant bites you!
* * * LOW HITPOINT WARNING * * *
The worker ant bites you but does no damage.
Casting: Shock (safe; 24% risk of failure)
Confirm with . or Enter, or press ? or * to list all spells.
Aiming: Shock (safe; 24% risk of failure)
Press: ? - help, Shift-Dir - straight line, f/p - worker ant
Aim: a worker ant (moderately wounded, 29% to evade)
Okay, then.
Casting: Shock (safe; 24% risk of failure)
Confirm with . or Enter, or press ? or * to list all spells.
You feel quick. The worker ant bites you.
* * * LOW HITPOINT WARNING * * *
You start to feel a little slower.
Your magical contamination has completely faded away.
There is a stone staircase leading down here.
You open the door.
You feel sluggish. The worker ant bites you.
You die...

#.......# #.#####.#####
#...........## #..
#####........# #..
#............### #..
#..............# #.#
#...........##.### #.#
#...........# ...# #.#
#####'#@###.# #.# #.#
#.#B###.####.#####.#
#.#>................
#.#.###O####.#####.#
########.#.###.####'#####.#
#........#......O..........
#.############.###...######
#.# #.# #...# #.# #.# #...#


You could see a worker ant.

Vanquished Creatures
  An ogre (D:5)
  A centaur (D:3)
  A big kobold (D:4)
  A scorpion (D:4)
  3 worker ants
  A howler monkey skeleton (D:5)
  8 adders
  2 oozes
  6 worms
  2 dart slugs
  6 leopard geckos
  2 orcs (D:3)
  10 giant cockroaches
  7 hobgoblins
  10 jackals
  2 quokkas
  A ball python (D:1)
  3 bats
  4 frilled lizards
  5 goblins
  A jackal zombie (D:5)
  26 kobolds
  6 rats
109 creatures vanquished.

Vanquished Creatures (others)
  8 plants (D:4)
8 creatures vanquished.

Grand Total: 117 creatures vanquished

Notes
Turn   | Place    | Note
-------+----------+-------------------------------------------
     0 | D:1      | Borgon the Demigod Air Elementalist began the quest for the
                  | Orb.
     0 | D:1      | Reached XP level 1. HP: 14/14 MP: 5/5
    71 | D:1      | Reached skill level 1 in Conjurations
   263 | D:1      | Reached skill level 3 in Air Magic
   302 | D:1      | Reached XP level 2. HP: 20/20 MP: 2/7
  1385 | D:2      | Reached XP level 3. HP: 22/26 MP: 2/9
  1699 | D:2      | Learned a level 2 spell: Swiftness
  2418 | D:2      | Reached XP level 4. HP: 33/33 MP: 6/10
  3296 | D:3      | Noticed a centaur
  3309 | D:3      | Killed a centaur
  3310 | D:3      | Reached skill level 1 in Maces & Flails
  3310 | D:3      | Reached XP level 5. HP: 23/39 MP: 3/12
  3624 | D:3      | Reached skill level 4 in Air Magic
  4852 | D:4      | Reached skill level 1 in Fighting
  4852 | D:4      | Reached XP level 6. HP: 15/47 MP: 13/13
  5782 | D:5      | Entered Level 5 of the Dungeon
  5935 | D:5      | Reached skill level 1 in Armour
  6119 | D:5      | Found a runed translucent gate.
  6330 | D:5      | HP: 2/47 [worker ant (3)]
  6350 | D:5      | Slain by a worker ant

Illustrated notes

Levels and vault maps discovered:
D:1:      psy_arrival_radial02, layout_basic, grunt_decor_arrowhead
D:2:      layout_basic
D:3:      layout_basic
D:4:      kennysheep_kobold_camp, layout_cave_pools, nicolae_ossuary_entry_ruins
D:5:      layout_basic, okawaru_altar_gauntlet_db, gammafunk_ghost_necromancy

Skill      XL: |  1  2  3  4  5  6 |
---------------+-------------------+-----
Conjurations   | 1 2 |  2.5
Air Magic      | 3 4 |  4.3
Spellcasting   | 2 3 |  3.4
Dodging        | 2 |  2.9
Stealth        | 2 |  2.1
Maces & Flails | 1 2 |  2.0
Fighting       | 1 |  1.3
Armour         | 1 |  1.1
Short Blades   | |  0.2
Shields        | |  0.3

Action                   |  1- 3 |  4- 6 || total
-------------------------+-------+-------++-------
Melee: Dagger            |    10 |       ||    10
       Whip              |     6 |    65 ||    71
 Cast: Shock             |    98 |   155 ||   253
       Swiftness         |       |     1 ||     1
  Use: Scroll            |     2 |     1 ||     3
       Potion            |       |     4 ||     4
Armor: Robe              |     6 |     3 ||     9
       Leather armour    |       |    23 ||    23
Dodge: Dodged            |    25 |    61 ||    86
Block: Kite shield       |       |    37 ||    37
